 Dungeon Crawl Stone Soup version 0.23-a0-666-g28d4f2f0af (webtiles) character file.

721753 Syrinius the Slayer (level 27, -14/174 HPs)
             Began as a Gargoyle Monk on Jan 2, 2019.
             Was the Champion of the Shining One.
             Demolished by an Orb Guardian (39 damage)
             ... on level 5 of the Realm of Zot on Jan 9, 2019.
             The game lasted 11:17:44 (101462 turns).

Syrinius the Slayer (Gargoyle Monk)               Turns: 101462, Time: 11:17:48

Health: -14/174    AC: 49    Str: 25      XL:     27
Magic:  0/42       EV: 25    Int: 24 (26) God:    the Shining One [******]
Gold:   5973       SH:  0    Dex: 16      Spells: 32/56 levels left

rFire    + + +     SeeInvis +   u - +11 war axe of Niopil {protect, rN+ SInv}
rCold    + + .     Gourm    .   i - +1 shield of the Several Wars {Int+6}
rNeg     + + +     Faith    .   k - quicksilver dragon scales
rPois    ∞         Spirit   .   T - +2 hat
rElec    +         Reflect  +   O - scarf {rC+ rF+}
rCorr    +         Harm     .   w - +2 pair of gloves
MR       +++..     Rnd*Rage +   h - +2 pair of boots "Fuweh" {rCorr Int+5 Dex-4 SInv} Stlth +.........Rnd*Tele +
                                W - +4 amulet of reflection
HPRegen  0.39/turn              B - ring "Sacsazah" {Wiz Str+3 SInv}
MPRegen  0.28/turn              j - ring of protection from fire

@: confused, mighty, agile, divine shield, about to teleport, resistant, marked,
berserk cooldown, slowed, glowing, studying Transmutations, deflect missiles,
very slow
A: big wings, talons 1, large bone plates 1, berserk 3, deterioration 1, frail
1, negative energy resistance 1, sense surroundings 1, shaggy fur 1, electricity
resistance, teleportitis 2, weak 2, unbreathing, evolution 1, petrification
resistance, rot immunity, AC +20
}: 4/15 runes: decaying, slimy, abyssal, gossamer
a: Fly, Divine Shield, Cleansing Flame, Summon Divine Warrior, Brand Weapon With
Holy Wrath, Renounce Religion


You were on level 5 of the Realm of Zot.
You worshipped the Shining One.
The Shining One was exalted by your worship.
You were not hungry.

You visited 13 branches of the dungeon, and saw 58 of its levels.
You visited the Abyss 3 times.
You also visited: Ice Cave, Volcano and Wizlab.

You collected 7814 gold pieces.
You spent 1841 gold pieces at shops.

Inventory:

Hand Weapons
 u - the +11 war axe of Niopil (weapon) {protect, rN+ SInv}
   (You took it off a deep elf demonologist on level 3 of the Elven Halls)

   It protects the one who uses it against injury (+AC on strike).
   It protects you from negative energy.
   It lets you see invisible.
 F - the +3 rapier "Wiepnuf" {venom, rElec Int+4, unknown}
   (You found it on level 5 of the Pits of Slime)

   It poisons the flesh of those it strikes.
   It affects your intelligence (+4).
   It insulates you from electricity.
 N - a +9 sacred scourge of holy wrath
 Z - the +9 trident "Sonieboq" {freeze, SInv}
   (You found it on level 3 of the Abyss)

   It has been specially enchanted to freeze those struck by it, causing extra
   injury to most foes and up to half again as much damage against particularly
   susceptible opponents.
   It can also slow down cold-blooded creatures.
   It lets you see invisible.
Missiles
 H - 2 throwing nets (quivered)
Armour
 h - the +2 pair of boots "Fuweh" (worn) {rCorr Int+5 Dex-4 SInv}
   (You found it on level 2 of the Lair of Beasts)

   It affects your intelligence (+5).
   It affects your dexterity (-4).
   It lets you see invisible.
   It provides partial protection from all sources of acid and corrosion.
 i - the +1 shield of the Several Wars (worn) {Int+6}
   (You acquired it on level 1 of the Elven Halls)

   It affects your intelligence (+6).
 k - quicksilver dragon scales (worn)
 w - a +2 pair of gloves (worn)
 O - a scarf of resistance (worn)
 T - a +2 hat (worn)
Jewellery
 j - a ring of protection from fire (right hand)
 l - the ring of Robustness {AC+8}
   (You found it on level 1 of the Depths)

   [ring of protection]

   It affects your AC (+8).
 y - an uncursed ring of protection from magic
 B - the ring "Sacsazah" (left hand) {Wiz Str+3 SInv}
   (You found it on level 3 of the Depths)

   [ring of wizardry]

   It improves your spell success rate.
   It affects your strength (+3).
   It lets you see invisible.
 J - the ring "Ciniex" {rElec rC+}
   (You found it on level 5 of the Pits of Slime)

   [ring of protection from cold]

   It protects you from cold.
   It insulates you from electricity.
 W - a +4 amulet of reflection (around neck)
Wands
 q - a wand of acid (29)
 G - a wand of iceblast (54)
 R - a wand of digging (6)
 V - a wand of paralysis (24)
Scrolls
 f - 4 scrolls of holy word
 g - 15 scrolls of amnesia
 n - 29 scrolls of remove curse
 o - 3 scrolls of blinking
 p - 7 scrolls of teleportation
 t - a scroll of magic mapping
 v - a scroll of brand weapon
 x - 9 scrolls of fear
 C - 5 scrolls of enchant armour
 D - 4 scrolls of silence
 E - 4 scrolls of immolation
 L - 4 scrolls of fog
 P - 8 scrolls of enchant weapon
Potions
 a - 2 potions of cancellation
 m - 6 potions of might
 s - 5 potions of magic
 A - 11 potions of brilliance
 I - 5 potions of agility
 Q - a potion of resistance
 S - 3 potions of haste
 U - 2 potions of berserk rage
Books
 z - a manual of Transmutations
Miscellaneous
 b - a lightning rod (3/4)
Comestibles
 c - 52 rations


   Skills:
 + Level 25.6 Fighting
 - Level 14.1(16.0) Axes
 - Level 14.0(16.5) Maces & Flails
 - Level 22.0 Armour
 - Level 12.0 Dodging
 - Level 2.1 Stealth
 - Level 16.0 Shields
 - Level 15.0 Spellcasting
 - Level 12.0 Charms
 - Level 8.0 Summonings
 - Level 6.0 Translocations
 - Level 8.0 Transmutations
 - Level 14.0 Air Magic
 - Level 4.0 Earth Magic
 - Level 14.0 Invocations
 - Level 10.0 Evocations


You had 32 spell levels left.
You knew the following spells:

 Your Spells              Type           Power        Failure   Level  Hunger
a - Summon Lightning Spi  Summ/Air       ######..     1%          4    None
b - Blink                 Tloc           N/A          1%          2    None
c - Passwall              Tmut/Erth      #####...     1%          2    None
d - Deflect Missiles      Chrm/Air       ######....   1%          6    ####...
e - Shroud of Golubria    Chrm/Tloc      ######....   1%          2    None
f - Song of Slaying       Chrm           ######..     1%          2    None
g - Aura of Abjuration    Summ           ######....   1%          5    ##.....
h - Apportation           Tloc           #####.       1%          1    None

Your spell library contained the following spells:

 Spells                   Type           Power        Failure   Level  Hunger
 Animate Skeleton         Necr           N/A          1%          1    None
 Corona                   Hex            ###....      1%          1    None
 Freeze                   Ice            ###.         1%          1    None
 Infusion                 Chrm           ####         1%          1    None
 Magic Dart               Conj           ###.         1%          1    None
 Pain                     Necr           ###.         1%          1    None
 Sandblast                Erth           #####.       1%          1    None
 Sting                    Conj/Pois      ###.         1%          1    None
 Summon Butterflies       Summ           ######..     1%          1    None
 Summon Small Mammal      Summ           ####         1%          1    None
 Call Imp                 Summ           ######..     1%          2    None
 Poisonous Vapours        Pois/Air       ######       1%          2    None
 Swiftness                Chrm/Air       ######..     1%          2    None
 Call Canine Familiar     Summ           ######..     1%          3    None
 Lesser Beckoning         Tloc           #####.....   1%          3    None
 Mephitic Cloud           Conj/Pois/Air  #####...     1%          3    None
 Portal Projectile        Hex/Tloc       ####..       1%          3    None
 Regeneration             Chrm/Necr      #####.....   1%          3    None
 Spectral Weapon          Hex/Chrm       #####...     1%          3    None
 Stone Arrow              Conj/Erth      ####..       1%          3    None
 Teleport Other           Tloc           #####...     1%          3    None
 Passage of Golubria      Tloc           N/A          1%          4    None
 Petrify                  Tmut/Erth      #####...     1%          4    None
 Summon Demon             Summ           ######....   1%          5    ##.....
 Corpse Rot               Necr           N/A          2%          2    None
 Ensorcelled Hibernation  Hex/Ice        ###...       2%          2    None
 Searing Ray              Conj           ###...       2%          2    None
 Slow                     Hex            ###.....     2%          2    None
 Silence                  Hex/Air        ######....   2%          5    ##.....
 Summon Forest            Summ/Tloc      ######....   2%          5    ##.....
 Summon Ice Beast         Ice/Summ       #####...     3%          4    None
 Excruciating Wounds      Chrm/Necr      #####.....   3%          5    ##.....
 Iskenderun's Battlesphe  Conj/Chrm      #####...     3%          5    ##.....
 Confuse                  Hex            ###.....     4%          3    None
 Conjure Flame            Conj/Fire      ###.....     4%          3    None
 Dazzling Spray           Conj/Hex       ###...       4%          3    None
 Inner Flame              Hex/Fire       ###.....     4%          3    None
 Tukima's Dance           Hex            ###.....     4%          3    None
 Vampiric Draining        Necr           ###.......   4%          3    None
 Force Lance              Conj/Tloc      ####....     4%          4    None
 Leda's Liquefaction      Hex/Erth       ####......   7%          4    None
 Irradiate                Conj/Tmut      #####.....   9%          5    ##.....
 Lee's Rapid Deconstruct  Erth           #####.....   9%          5    ##.....
 Summon Mana Viper        Hex/Summ       #####...     9%          5    ##.....
 Yara's Violent Unravell  Hex/Tmut       #####.....   9%          5    ##.....
 Hydra Form               Tmut           ######....   9%          6    ####...
 Shadow Creatures         Summ           N/A          9%          6    ####...
 Conjure Ball Lightning   Conj/Air       ######....   13%         6    ####...
 Animate Dead             Necr           N/A          16%         4    None
 Cause Fear               Hex            ###.......   16%         4    None
 Fulminant Prism          Conj/Hex       ###.......   16%         4    None
 Iskenderun's Mystic Bla  Conj           ###.....     16%         4    None
 Olgreb's Toxic Radiance  Pois           ###.....     16%         4    None
 Throw Icicle             Conj/Ice       ###.....     16%         4    None
 Borgnjor's Vile Clutch   Necr/Erth      ####......   19%         5    ##.....
 Dispersal                Tloc           #####.....   21%         6    ####...
 Bolt of Magma            Conj/Fire/Erth ###.......   24%         5    ##.....
 Agony                    Necr           ###.....     38%         5    ##.....
 Bolt of Draining         Conj/Necr      ###.......   38%         5    ##.....
 Dispel Undead            Necr           ###.....     38%         5    ##.....
 Venom Bolt               Conj/Pois      ###.......   38%         5    ##.....
 Dragon Form              Tmut           ######....   43%         7    ######.
 Monstrous Menagerie      Summ           ######....   43%         7    ######.
 Summon Greater Demon     Summ           ######....   43%         7    ######.
 Summon Hydra             Summ           ######....   43%         7    ######.
 Malign Gateway           Summ/Tloc      ######....   56%         7    ######.
 Iron Shot                Conj/Erth      ####......   67%         6    ####...
 Ring of Flames           Chrm/Fire      #####.....   69%         7    ######.
 Darkness                 Hex            ###.......   90%         6    ####...
 Invisibility             Hex            ###.....     90%         6    ####...
 Ozocubu's Refrigeration  Ice            ###.......   90%         6    ####...
 Haunt                    Necr/Summ      #####.....   91%         7    ######.
 Spellforged Servitor     Conj/Summ      #####.....   91%         7    ######.
 Summon Horrible Things   Summ           ######....   97%         8    #######
 Tornado                  Air            ######....   99%         9    #######
 Orb of Destruction       Conj           ###.......   100%        7    ######.
 Borgnjor's Revivificati  Necr           ###.......   100%        8    #######
 Death's Door             Chrm/Necr      #####.....   100%        8    #######
 Discord                  Hex            ###.......   100%        8    #######
 Infestation              Necr           ###.......   100%        8    #######
 Necromutation            Tmut/Necr      #####.....   100%        8    #######
 Sublimation of Blood     Necr           Unusable     N/A         2    N/A
 Statue Form              Tmut/Erth      Unusable     N/A         6    N/A

Dungeon Overview and Level Annotations

Branches:
Dungeon (15/15)            Temple (1/1) D:6            Lair (6/6) D:8
  Swamp (4/4) Lair:2       Spider (4/4) Lair:4        Slime (5/5) Lair:5
    Orc (2/2) D:11            Elf (3/3) Orc:2        Vaults (4/5) D:13
  Crypt (3/3) Vaults:3       Tomb (1/3) Crypt:3      Depths (5/5) D:15
    Zot (5/5) Depths:5

Altars:
Ashenzari
Cheibriados
Dithmenos
Fedhas
Nemelex Xobeh
Ru
Sif Muna
Trog
Uskayaw
Xom
Yredelemnul
Zin
The Shining One
Beogh
Jiyva

Shops:
D:5 :   D:6 %   D:7 *   Orc:1 [   Orc:2 (((   Elf:3 [   Vaults:1 (   Vaults:2 *
Vaults:3 [   Vaults:4 %=   Depths:3 :[

Portals:
Hell: Depths:1 Depths:2 Depths:3 Depths:4 Depths:5
Abyss: Depths:2 Depths:4 Depths:5
Pandemonium: Depths:1 Depths:3
Ziggurat: Depths:5
Trove: Depths:2 (give horn of Geryon)

Annotations:
Lair:1 exclusion: oklob plant
Depths:2 horn of Geryon trove
Depths:4 1 transporter
Zot:5 exclusion: orange crystal statue


Innate Abilities, Weirdness & Mutations

You are resistant to torment.
Your stone body is resilient. (AC +20)
You are immune to poison.
Your large and strong wings let you fly indefinitely.
You resist negative energy. (rN+)
You are resistant to electric shocks. (rElec)
You can survive without breathing.
You are immune to petrification.
You are immune to rotting.
You have sharp toenails.
You are partially covered in large bone plates. (SH +4)
You have an uncontrollable temper.
Your body sometimes deteriorates upon taking damage.
You are frail. (-10% HP)
You passively map a small area around you.
You are covered in fur. (AC +1)
You are sometimes teleported next to monsters.
You are very weak. (Str -4)
You evolve.


Message History

The Orb Guardian hits you but does no damage.
The ghost moth stares at you. You block the Orb Guardian's attack.
The orange crystal statue fixes its piercing gaze on you.
You feel your power leaking away.
The Orb Guardian pulls the alarm!
The alarm trap emits a blaring wail!
The mark upon you grows brighter.
The moth of wrath goads the Orb Guardian on!
The Orb Guardian goes berserk!
You block the Orb Guardian's attack.
The orange crystal statue glitters.
The Orb Guardian completely misses you.
The Orb Guardian avoids triggering a spear trap.
You are confused.
You feel invigorated. The Orb Guardian misses you.
The ghost moth stares at you.
You feel your power leaking away.
The Orb Guardian hits you but does no damage.
The Orb Guardian hits you!!!
You die...

**,,,,,,,,,,,,,,
*#..^...,,,,,,,,,
##......^.,,,,,,,,
#.....?......,,,,,
#...^...^....,,,,,
#.....^.^....,,,,,
#............,,,,,
#.X.....^....,,,,,
#@XXX.y....^.,,,,,
##X.X....^%.^,,,,,
##.y...^..^.,,,,,
##.........,,,,,
▓▓8X..8##▓*****
▓▓....p...^..,,,
▓▓§)..D.......§..
▓▓.........^......
▓...^...........^.


You could see a Killer Klown, a storm dragon, 7 Orb Guardians, a ghost moth
(invisible), an orange crystal statue and a moth of wrath.

Vanquished Creatures
  the Royal Jelly (Slime:5)
  2 orbs of fire
  A juggernaut (Depths:2)
  2 ancient liches
  3 greater mummies (Tomb:1)
  Sojobo (Depths:3)
  Bai Suzhen (Crypt:3)
  Margery (Depths:4)
  9 golden dragons
  A caustic shrike (Depths:3)
  A Hellbinder (WizLab)
  Arachne (Spider:2)
  4 profane servitors
  7 bone dragons
  4 electric golems
  3 hellephants
  13 tentacled monstrosities
  Jorgrun (Swamp:3)
  An Orb Guardian (Zot:5)
  Rupert (Spider:1)
  Asterion (Spider:1)
  2 Hell Sentinels (Abyss:3)
  3 deep elf blademasters (Elf:3)
  The ghost of Wopn the Imperceptible, an adept SpEn of Dithmenos (Depths:1)
  2 quicksilver dragons
  12 liches
  22 acid blobs
  15 death cobs
  2 deep elf master archers (Elf:3)
  8 sphinxes
  25 tentacled starspawn
  2 Executioners
  5 ancient champions
  Kirke (Spider:2)
  4 thorn hunters
  3 shadow dragons
  16 storm dragons
  Agnes (Spider:1)
  8 draconian monks
  4 tengu reavers
  7 revenants
  14 azure jellies
  9 ghost moths
  3 draconian knights
  3 draconian scorchers
  An orc warlord (Vaults:4)
  5 emperor scorpions
  5 vault wardens
  A balrug (Abyss:3)
  9 deep elf sorcerers
  Louise (Spider:1)
  4 fire giants
  3 frost giants
  3 cacodemons
  5 deep elf elementalists
  8 draconian stormcallers
  4 ghouls (Crypt:1)
  4 draconian shifters (Zot:3)
  5 spriggan defenders
  7 ironheart preservers
  4 draconian annihilators
  2 curse skulls
  An angel (Abyss:3)
  The ghost of Jigrau the Unseen, an adept SpEn of Dithmenos (Orc:1)
  A reaper (Crypt:3)
  5 entropy weavers
  18 stone giants
  A juggernaut skeleton (Crypt:1)
  12 very ugly things
  5 vampire knights
  5 white draconians
  A black sun (WizLab)
  8 lorocyprocas
  6 deep elf demonologists
  8 red draconians
  11 black draconians
  A dire elephant (shapeshifter) (Depths:3)
  7 green draconians
  3 purple draconians
  3 yellow draconians (Zot:3)
  9 deep elf annihilators
  7 ettins
  5 spark wasps
  11 deep elf death magi
  7 eidola
  10 mummy priests (Tomb:1)
  2 blizzard demons
  5 jiangshi (Crypt:2)
  7 yaktaur captains
  3 green deaths
  12 death oozes
  6 fire dragons
  8 ogre magi
  The ghost of guttsta the Severer, a journeyman MiBe of Trog (Lair:2)
  19 great orbs of eyes
  14 rakshasas
  4 deep elf high priests
  8 ice dragons
  2 hell beasts (WizLab)
  8 spriggan air magi
  17 hydras
  8 ghost crabs
  2 quicksilver dragon skeletons
  16 vault guards
  4 centaur warriors
  4 death knights
  35 two-headed ogres
  8 alligators
  27 dancing weapons
  3 shambling mangroves
  4 deep troll shamans
  A queen ant (Spider:4)
  4 vampire magi
  9 death scarabs (Tomb:1)
  9 hell hogs (Abyss:3)
  3 tengu warriors
  51 thrashing horrors
  3 deep troll earth magi
  3 titan zombies
  Urug (D:10)
  A shock serpent (Zot:2)
  9 soul eaters
  15 hell knights
  5 spriggan berserkers
  5 orc high priests
  3 sun demons
  61 large abominations
  27 deep elf knights
  6 iron trolls
  24 wretched stars
  5 shadow wraiths
  50 skeletal warriors
  A death drake (Abyss:3)
  15 sixfirhies
  The ghost of Perturabo the Shield-Bearer, a novice FoFi (D:6)
  10 spatial maelstroms
  A quicksilver dragon simulacrum (Crypt:2)
  4 unseen horrors
  2 titan skeletons (Crypt:3)
  5 glowing orange brains
  A storm dragon skeleton (Crypt:3)
  A golden dragon zombie (Crypt:2)
  A shadow demon (WizLab)
  10 deep trolls
  An unseen horror (shapeshifter) (Depths:2)
  10 ironbrand convokers
  13 swamp dragons
  12 wizards
  12 deep elf archers
  2 spriggan druids
  6 flayed ghosts
  5 phantasmal warriors
  7 harpies (Depths:3)
  12 necromancers
  3 wolf spider zombies
  59 deep elf magi
  A sphinx zombie (Depths:1)
  A manticore (D:15)
  16 orc knights
  17 orb spiders
  9 orc sorcerers
  A faun (shapeshifter) (Abyss:3)
  28 wolf spiders
  12 worldbinders (Abyss:3)
  A sphinx skeleton (D:15)
  A salamander (Depths:5)
  A salamander (shapeshifter) (Depths:2)
  2 fire giant zombies
  5 shining eyes
  4 frost giant zombies
  40 ugly things
  18 moths of wrath
  4 centaur zombies
  5 black mambas
  A moth of wrath (shapeshifter) (D:15)
  6 toenail golems
  2 stone giant skeletons (Crypt:3)
  6 elephants (Lair:5)
  6 vault sentinels
  7 rust devils
  Psyche (D:11)
  2 molten gargoyles
  2 iron dragon skeletons (Crypt:3)
  6 apocalypse crabs
  An eye of devastation (shapeshifter) (Abyss:3)
  33 smoke demons
  A water nymph (shapeshifter) (Depths:2)
  3 fire giant skeletons
  5 eyes of devastation
  2 ice statues (IceCv)
  5 hellions
  15 spiny frogs
  16 orange demons
  5 gargoyles
  4 centaur skeletons
  A shock serpent skeleton (Crypt:2)
  A dire elephant skeleton (Abyss:3)
  26 yaktaurs
  6 kobold demonologists
  6 komodo dragons
  6 freezing wraiths
  5 rime drakes
  3 tormentors
  16 efreet
  20 ancient zymes
  6 ice devils
  A death yak skeleton (Crypt:3)
  15 demonic crawlers
  A queen ant zombie (Crypt:3)
  11 hellwings
  2 tengu conjurers
  5 red devils
  A catoblepas skeleton (Crypt:1)
  19 jumping spiders
  A yaktaur skeleton (D:15)
  2 human skeletons
  7 guardian mummies (Tomb:1)
  15 trolls
  4 tyrant leeches
  A queen bee (shapeshifter) (Abyss:2)
  A shadow dragon simulacrum (Abyss:3)
  A polar bear (Lair:6)
  50 raiju
  3 harpy skeletons
  A hydra skeleton (Crypt:3)
  A wind drake (shapeshifter) (Abyss:3)
  20 bog bodies
  A meliai zombie (D:13)
  A raiju (shapeshifter) (Vaults:1)
  7 dream sheep (Lair:5)
  8 hippogriffs
  3 blink frogs (shapeshifter)
  15 blink frogs (Abyss:3)
  29 hornets
  119 slime creatures
  A deep troll zombie (D:15)
  2 fire giant simulacra
  29 flying skulls
  An air elemental (Abyss:2)
  A shock serpent simulacrum (Crypt:2)
  A fire dragon skeleton (Crypt:2)
  51 redbacks
  8 shadows
  9 water elementals
  2 ushabtiu (Tomb:1)
  An ettin skeleton (Crypt:3)
  9 wraiths
  2 vampires
  20 ynoxinuls
  A hog (shapeshifter) (Depths:2)
  10 spriggans
  4 wyverns
  21 tarantellas
  A fire bat (Abyss:3)
  A fire bat (shapeshifter) (Depths:4)
  A wyvern (shapeshifter) (Depths:3)
  6 hungry ghosts
  A tyrant leech zombie (Crypt:2)
  8 basilisks
  36 yaks
  A human (D:10)
  An ice dragon skeleton (Crypt:3)
  A black mamba skeleton (Tomb:1)
  24 golden eyes
  4 fire elementals
  18 neqoxecs
  14 chaos spawn
  3 hogs (Spider:2)
  2 steam dragons
  A catoblepas simulacrum (Abyss:3)
  20 vampire mosquitoes
  31 insubstantial wisps
  5 wargs
  19 swamp worms
  5 acid dragons
  11 water moccasins
  17 soldier ants
  6 hell hounds (Abyss:3)
  A merfolk skeleton (Crypt:3)
  A hydra simulacrum (Abyss:3)
  4 floating eyes
  29 ice beasts
  4 sky beasts
  13 swamp drakes
  8 porcupines
  3 hornet zombies
  7 necrophages
  A phantom (D:12)
  A black bear (shapeshifter) (Abyss:3)
  2 spiny frog skeletons (Crypt:3)
  10 eyes of draining
  2 human zombies (Vaults:4)
  An eye of draining (shapeshifter) (Crypt:3)
  24 ogres
  45 orc warriors
  9 boggarts
  11 centaurs
  2 manticore skeletons
  A swamp dragon skeleton (Crypt:3)
  12 wolves
  10 crocodiles
  A big kobold (shapeshifter) (Depths:5)
  A fire crab zombie (Crypt:2)
  A snapping turtle skeleton (Abyss:3)
  9 big kobolds
  A hog skeleton (Crypt:1)
  2 gnoll sergeants
  2 wyvern zombies
  A komodo dragon skeleton (Crypt:2)
  15 bullfrogs
  An earth elemental (Elf:2)
  60 small abominations
  A wyvern skeleton (D:7)
  A spiny frog simulacrum (Crypt:2)
  11 scorpions
  A warg skeleton (Crypt:3)
  3 electric eels
  5 wights
  2 troll skeletons
  2 howler monkeys (D:8)
  5 crimson imps
  5 bullfrog zombies
  5 lava snakes (Lair:4)
  A wolf skeleton (Crypt:1)
  8 jellies
  15 quasits
  74 starcursed masses
  19 orc priests
  5 hounds
  34 orc wizards
  2 bullfrog skeletons
  7 iron imps
  Jessica (D:2)
  9 iguanas
  Terence (D:2)
  A hell rat (Crypt:3)
  29 worker ants
  6 lightning spires
  A porcupine skeleton (Crypt:3)
  A killer bee zombie (D:8)
  An acid dragon zombie (Crypt:2)
  A crocodile zombie (Crypt:3)
  3 naga skeletons (Crypt:3)
  A big kobold skeleton (Crypt:1)
  A crocodile skeleton (Crypt:1)
  2 acid dragon skeletons
  2 hound skeletons
  2 worker ant zombies
  10 mummies (Tomb:1)
  15 gnolls
  10 adders
  11 shadow imps
  8 white imps
  6 ufetubi
  A lava snake zombie (Crypt:2)
  12 oozes (Lair:1)
  3 adder skeletons
  An adder zombie (D:6)
  An iguana skeleton (Crypt:1)
  3 worms
  2 dart slugs
  7 leopard geckos
  174 orcs
  2 ball pythons (D:1)
  A bat zombie (Crypt:2)
  5 giant cockroaches
  7 goblins
  8 hobgoblins
  10 jackals (D:3)
  6 quokkas
  4 bats
  2 frilled lizards
  A jackal skeleton (Crypt:1)
  23 kobolds
  2 leopard gecko zombies
  A quokka zombie (D:9)
  9 rats
  3 briar patches (Swamp:3)
  2 lurking horrors (Abyss:3)
  25 starspawn tentacles
  2 withered plants
3250 creatures vanquished.

Vanquished Creatures (collateral kills)
  An orb of fire (Zot:5)
  A Killer Klown (Zot:5)
  the Lernaean hydra (Swamp:4)
  An ancient champion (Crypt:3)
  A tentacled starspawn (Abyss:3)
  A tengu reaver (Depths:3)
  An azure jelly (Slime:5)
  A draconian knight (Abyss:3)
  An iron dragon (Depths:1)
  A spriggan defender (Depths:4)
  A red draconian (Depths:5)
  2 white draconians
  A yellow draconian (Zot:1)
  2 jiangshi (Crypt:2)
  2 fire dragons (Depths:3)
  A death ooze (Slime:5)
  An ogre mage (Depths:2)
  An ettin (Depths:3)
  A great orb of eyes (Depths:2)
  A deep troll shaman (Depths:5)
  2 two-headed ogres (Depths:2)
  A spriggan berserker (Depths:3)
  2 spriggans (Depths:3)
  A hell knight (Depths:4)
  3 iron trolls (Depths:1)
  A slime creature (Slime:4)
  2 wizards (Abyss:2)
  A large abomination (Abyss:2)
  A deep elf mage (Elf:2)
  A necromancer (Depths:4)
  A smoke demon (Abyss:3)
  An efreet (Abyss:3)
  3 hornets
  A blink frog (Abyss:3)
  A hell hound (Depths:5)
  A merfolk skeleton (Abyss:3)
  A phantom (Crypt:3)
  2 small abominations (Abyss:3)
  A swamp dragon skeleton (Abyss:3)
  3 starcursed masses (Abyss:3)
  2 starspawn tentacles (Abyss:3)
55 creatures vanquished.

Vanquished Creatures (others)
  A curse toe (Zot:2)
  2 deep elf master archers (Elf:3)
  An Orb Guardian (Zot:5)
  A fire giant (Depths:2)
  A vault warden (Vaults:3)
  A white draconian (Zot:1)
  A green death (Abyss:3)
  2 death oozes (Depths:1)
  2 yaktaur captains
  2 hydras (Swamp:4)
  A shambling mangrove (Swamp:4)
  2 centaur warriors
  An alligator (Swamp:4)
  A hell hog (Abyss:3)
  A shock serpent (Zot:2)
  6 deep elf archers
  An ironbrand convoker (Vaults:3)
  3 deep elf magi (Elf:1)
  A large abomination (Abyss:3)
  2 cyclopes
  A smoke demon (Abyss:3)
  A spiny frog (Swamp:3)
  7 yaktaurs
  An ancient zyme (Abyss:3)
  2 hornets
  2 raiju (Abyss:3)
  2 blink frogs (Abyss:3)
  A slime creature (Slime:2)
  5 humans
  2 chaos spawn (Abyss:3)
  A neqoxec (Abyss:3)
  A vampire mosquito (Crypt:3)
  3 insubstantial wisps
  A swamp worm (Swamp:4)
  2 boggarts
  A centaur (D:14)
  2 small abominations (Abyss:3)
  A water moccasin skeleton (Crypt:3)
  An ufetubus (Abyss:3)
  A worm (shapeshifter) (Depths:3)
  4 ball lightnings (Zot:2)
  3 orcs
  A briar patch (Swamp:3)
  3 bushes
  31 fungi
  4 lurking horrors (Abyss:3)
  24 plants
  78 starspawn tentacles
219 creatures vanquished.

Grand Total: 3524 creatures vanquished

Notes
Turn   | Place    | Note
-------+----------+-------------------------------------------
     0 | D:1      | Syrinius the Gargoyle Monk began the quest for the Orb.
     0 | D:1      | Reached XP level 1. HP: 14/14 MP: 1/1
   221 | D:1      | Reached XP level 2. HP: 18/19 MP: 2/2
   857 | D:1      | Reached XP level 3. HP: 24/24 MP: 3/3
  1743 | D:2      | Noticed Terence
  2119 | D:2      | Noticed Jessica
  2132 | D:2      | Killed Jessica
  2132 | D:2      | Reached skill level 4 in Fighting
  2132 | D:2      | Reached XP level 4. HP: 25/29 MP: 4/4
  2494 | D:2      | Killed Terence
  2494 | D:2      | Reached skill level 1 in Armour
  2647 | D:3      | Reached XP level 5. HP: 33/33 MP: 5/5
  3277 | D:4      | Found a bloodstained altar of Trog.
  3296 | D:4      | Reached XP level 6. HP: 35/40 MP: 6/6
  3491 | D:4      | Found a glowing golden altar of the Shining One.
  3496 | D:4      | Became a worshipper of the Shining One
  3496 | D:4      | Reached * piety under the Shining One
  3496 | D:4      | Reached ** piety under the Shining One
  3595 | D:4      | Reached skill level 5 in Fighting
  3814 | D:4      | Found a hide-covered altar of Uskayaw.
  4195 | D:5      | Entered Level 5 of the Dungeon
  4213 | D:5      | Noticed an ice beast
  4259 | D:4      | Reached XP level 7. HP: 16/44 MP: 7/7
  4478 | D:5      | Reached skill level 5 in Maces & Flails
  4631 | D:5      | Reached skill level 5 in Armour
  4779 | D:5      | Reached XP level 8. HP: 51/51 MP: 8/8
  4823 | D:5      | Found Heschogism's Book Shop.
  4870 | D:5      | Reached skill level 6 in Fighting
  5080 | D:5      | Found a sacrificial altar of Ru.
  5114 | D:5      | Found a snail-covered altar of Cheibriados.
  5239 | D:6      | Found Fotocw's Food Shoppe.
  5335 | D:6      | Found a runed door.
  5370 | D:6      | Found a staircase to the Ecumenical Temple.
  5379 | Temple   | Entered the Ecumenical Temple
  5813 | D:6      | Reached skill level 7 in Fighting
  5891 | D:6      | Reached XP level 9. HP: 49/57 MP: 9/9
  6023 | D:6      | Found a runed gate.
  6023 | D:6      | Found a runed gate.
  6023 | D:6      | Found a runed gate.
  6023 | D:6      | Noticed Perturabo's ghost (novice FoFi)
  6067 | D:7      | Found a sparkling altar of Nemelex Xobeh.
  6077 | D:7      | Reached *** piety under the Shining One
  6355 | D:7      | Noticed a hellwing
  6411 | D:7      | Killed a hellwing
  6427 | D:7      | Reached skill level 8 in Fighting
  6637 | D:7      | Noticed a hellwing
  7084 | D:7      | Found Wimus's General Store.
  7107 | D:7      | Bought a scroll of identify for 28 gold pieces
  7225 | D:7      | Reached skill level 10 in Armour
  7225 | D:7      | Reached XP level 10. HP: 65/65 MP: 10/10
  7239 | D:7      | Reached skill level 9 in Fighting
  7269 | D:7      | Reached skill level 1 in Invocations
  7388 | D:7      | Found a shadowy altar of Dithmenos.
  7450 | D:7      | Found a glowing golden altar of the Shining One.
  7506 | D:7      | Found a shimmering altar of Xom.
  7513 | D:7      | Reached **** piety under the Shining One
  7638 | D:7      | Found a shattered altar of Ashenzari.
  7920 | D:8      | Reached skill level 1 in Shields
  8454 | D:8      | Reached skill level 10 in Fighting
  8716 | D:8      | Noticed an angel
  8717 | D:8      | Found a glowing silver altar of Zin.
  8870 | D:8      | Found a staircase to the Lair.
  8955 | D:7      | Reached skill level 5 in Shields
  9523 | D:8      | Found a roughly hewn altar of Beogh.
  9696 | D:9      | Reached XP level 11. HP: 73/73 MP: 14/14
 10581 | D:9      | You fall through a shaft for 2 floors!
 10581 | D:11     | Reached ***** piety under the Shining One
 10590 | D:10     | Entered Level 10 of the Dungeon
 10957 | D:10     | Noticed a two-headed ogre
 10991 | D:9      | Killed a two-headed ogre
 12555 | D:10     | Reached skill level 10 in Shields
 12954 | D:11     | Noticed Urug
 13530 | D:10     | Killed Urug
 13937 | D:11     | Noticed a two-headed ogre
 14186 | D:10     | Killed a two-headed ogre
 14186 | D:10     | Reached XP level 12. HP: 45/79 MP: 15/15
 14380 | D:11     | Noticed a two-headed ogre
 14382 | D:11     | Reached skill level 11 in Fighting
 14417 | D:10     | Killed a two-headed ogre
 14535 | D:11     | Noticed a two-headed ogre
 14545 | D:11     | Killed a two-headed ogre
 14891 | D:11     | Noticed Psyche
 14903 | D:11     | Killed Psyche
 14961 | D:11     | Found a staircase to the Orcish Mines.
 15365 | D:12     | Noticed a two-headed ogre
 15387 | D:12     | Killed a two-headed ogre
 16438 | Lair:1   | Entered Level 1 of the Lair of Beasts
 16803 | Lair:1   | Reached skill level 12 in Fighting
 17269 | Lair:1   | HP: 1/81 [acid (7)]
 17288 | Lair:1   | HP: 3/81 [black mamba (19)]
 18091 | Lair:1   | You fall through a shaft!
 18163 | Lair:2   | Found a dark tunnel.
 18181 | Volcano  | Entered a volcano
 18258 | Volcano  | Reached XP level 13. HP: 72/86 MP: 16/16
 18518 | Volcano  | Reached skill level 15 in Shields
 18530 | Volcano  | Got a pair of faintly humming gloves
 18559 | Volcano  | Identified the -5 pair of gloves of the Grue {-Tele MP+9
                  | Int+7 Stlth+} (You found it in a volcano)
 19110 | Lair:2   | Found a staircase to the Swamp.
 19125 | Lair:2   | Found a runed gate.
 19126 | Lair:2   | Found a runed gate.
 19127 | Lair:2   | Found a runed gate.
 19127 | Lair:2   | Noticed guttsta's ghost (journeyman MiBe)
 19365 | Lair:2   | Got a pair of translucent boots
 20698 | Lair:2   | Reached skill level 5 in Invocations
 21196 | Lair:3   | You fall through a shaft for 2 floors!
 21410 | Lair:4   | Found a frozen archway.
 21466 | IceCv    | Entered an ice cave
 22207 | IceCv    | Noticed an ice dragon
 22207 | IceCv    | Noticed an ice dragon
 22249 | IceCv    | Killed an ice dragon
 22258 | IceCv    | Killed an ice dragon
 22527 | IceCv    | Got a bound wooden ring
 22535 | IceCv    | Got an ancient ivory ring
 22859 | Lair:3   | Identified the +2 pair of boots "Fuweh" {rCorr Int+5 Dex-4
                  | SInv} (You found it on level 2 of the Lair of Beasts)
 24018 | Lair:5   | Reached skill level 10 in Maces & Flails
 24222 | Lair:5   | Found a staircase to the Slime Pits.
 24222 | Lair:5   | Found a viscous altar of Jiyva.
 24696 | Lair:6   | Entered Level 6 of the Lair of Beasts
 25051 | Lair:6   | Identified the ring of Lugonu's Approval {+Fly rPois Str-2
                  | Slay+3 SInv} (You found it in an ice cave)
 25174 | Lair:6   | Got a smoking chain mail
 25320 | Lair:5   | Gained mutation: Your large and strong wings let you fly
                  | indefinitely. [Gargoyle growth]
 25320 | Lair:5   | Reached XP level 14. HP: 86/92 MP: 19/19
 25411 | Lair:5   | Reached skill level 13 in Fighting
 26693 | Lair:5   | Identified the cursed +0 chain mail "Irabbo" {*Slow +Fly
                  | Int+4 Stlth+} (You found it on level 6 of the Lair of
                  | Beasts)
 27250 | Lair:6   | Identified the ring "Cayjayv" {*Contam rF+ Int+8 SInv} (You
                  | found it in an ice cave)
 27644 | Lair:4   | Found a hole to the Spider Nest.
 28719 | Lair:2   | Killed guttsta's ghost
 29062 | D:6      | Found a roughly hewn altar of Beogh.
 29193 | D:6      | Killed Perturabo's ghost
 31644 | D:13     | Reached XP level 15. HP: 67/100 MP: 22/22
 31795 | D:13     | Found a gate to the Vaults.
 31848 | D:12     | Reached skill level 14 in Fighting
 32100 | D:14     | Reached ****** piety under the Shining One
 32438 | D:14     | Reached skill level 10 in Invocations
 33042 | D:15     | Entered Level 15 of the Dungeon
 33697 | D:15     | Found a blossoming altar of Fedhas.
 33831 | D:15     | Found a staircase to the Depths.
 34822 | Orc:1    | Entered Level 1 of the Orcish Mines
 34911 | Orc:1    | Noticed Jigrau's ghost (adept SpEn)
 34922 | Orc:1    | Found a transporter.
 34938 | Orc:1    | Found Guotury's Armour Boutique.
 35091 | Orc:1    | Found a roughly hewn altar of Beogh.
 35335 | Orc:1    | Found a transporter.
 35554 | Orc:2    | Entered Level 2 of the Orcish Mines
 36213 | Orc:2    | Paralysed by an orc sorcerer for 4 turns
 36639 | Orc:2    | Found a staircase to the Elven Halls.
 37443 | Orc:2    | Found Siti's Antique Armour Emporium.
 37443 | Orc:2    | Found Sucw's Weapon Shop.
 37445 | Orc:2    | Found Quneirch's Weapon Emporium.
 37445 | Orc:2    | Found Jefui's Antique Weapon Shop.
 37458 | Orc:2    | Bought a scorched flail for 289 gold pieces
 37465 | Orc:2    | Identified the +3 flail of Reapportionment {flame, *Contam
                  | rC+ MR++ Stlth+} (You bought it in a shop on level 2 of the
                  | Orcish Mines)
 37467 | Orc:2    | Bought a faintly glowing dire flail for 306 gold pieces
 37537 | Orc:2    | Identified the +5 dire flail of the Sky {crush, Stlth+}
                  | (You bought it in a shop on level 2 of the Orcish Mines)
 38312 | Lair:6   | Reached XP level 16. HP: 107/107 MP: 23/25
 38570 | Swamp:1  | Entered Level 1 of the Swamp
 39051 | Swamp:1  | Reached skill level 15 in Fighting
 39264 | Swamp:1  | You fall through a shaft!
 39314 | Swamp:2  | Noticed a thorn hunter
 39339 | Swamp:2  | Killed a thorn hunter
 40348 | Swamp:2  | Learned a level 4 spell: Summon Lightning Spire
 40466 | Swamp:2  | Reached skill level 1 in Spellcasting
 40591 | Swamp:2  | Learned a level 2 spell: Blink
 40844 | Swamp:2  | You fall through a shaft!
 41057 | Swamp:3  | Got a bloodstained ring mail
 41084 | Swamp:3  | Noticed a thorn hunter
 41100 | Swamp:3  | Killed a thorn hunter
 41286 | Swamp:3  | Got an ichor-stained chain mail
 41386 | Swamp:3  | Noticed Jorgrun
 41396 | Swamp:3  | Killed Jorgrun
 41592 | Swamp:2  | Got an ichor-stained robe
 41736 | Swamp:3  | Noticed a thorn hunter
 41752 | Swamp:3  | Killed a thorn hunter
 42287 | Swamp:4  | Entered Level 4 of the Swamp
 42559 | Swamp:4  | Reached XP level 17. HP: 100/113 MP: 26/26
 42820 | Swamp:4  | Reached skill level 1 in Translocations
 43267 | Swamp:4  | Reached skill level 15 in Armour
 43951 | Swamp:4  | Noticed the 27-headed Lernaean hydra
 43995 | Swamp:4  | Killed the 27-headed Lernaean hydra
 44010 | Swamp:4  | Got a decaying rune of Zot
 44061 | Swamp:4  | Identified the +0 ring mail of Apnei {+Blink SInv Stlth-}
                  | (You found it on level 3 of the Swamp)
 44062 | Swamp:4  | Identified the cursed +0 chain mail of Feheul {rCorr} (You
                  | found it on level 3 of the Swamp)
 44259 | Swamp:4  | Upgraded the game from 0.23-a0-644-gb60d84b635 to
                  | 0.23-a0-650-ga4d50d4d25
 44435 | Spider:1 | Entered Level 1 of the Spider Nest
 44930 | Spider:1 | Noticed Asterion
 44968 | Spider:1 | Killed Asterion
 45081 | Spider:1 | Learned a level 2 spell: Passwall
 45494 | Spider:1 | Noticed Rupert
 45550 | Spider:1 | Killed Rupert
 45550 | Spider:1 | Reached skill level 5 in Translocations
 46251 | Spider:1 | Got a dazzling mace
 46252 | Spider:1 | Identified the +0 mace of the Lamprey {crush, rN+ MP-9
                  | Str+4} (You found it on level 1 of the Spider Nest)
 46317 | Spider:1 | Noticed Louise
 46353 | Spider:1 | Killed Louise
 46353 | Spider:1 | Reached skill level 1 in Summonings
 46353 | Spider:1 | Reached skill level 1 in Air Magic
 46934 | Spider:2 | Noticed Agnes
 47035 | Spider:1 | Killed Agnes
 47164 | Spider:2 | Got a polished ring mail
 47165 | Spider:2 | Identified the +3 ring mail of Catatonia {Dex+6 Slay-5}
                  | (You found it on level 2 of the Spider Nest)
 47183 | Spider:2 | Reached XP level 18. HP: 119/119 MP: 28/28
 47352 | Spider:2 | Noticed Arachne
 47397 | Spider:2 | Killed Arachne
 47397 | Spider:2 | Reached skill level 5 in Spellcasting
 47708 | Spider:2 | Noticed Kirke
 47735 | Spider:2 | Killed Kirke
 48941 | Spider:4 | Entered Level 4 of the Spider Nest
 49167 | Spider:3 | Reached skill level 5 in Summonings
 51042 | Spider:4 | Got a gossamer rune of Zot
 51410 | Elf:1    | Entered Level 1 of the Elven Halls
 51722 | Elf:1    | Reached XP level 19. HP: 121/124 MP: 31/31
 52012 | Elf:1    | Reached skill level 5 in Air Magic
 52645 | Elf:1    | Identified 2 scrolls of acquirement
 52650 | Elf:1    | Got a faintly glowing shield
 52651 | Elf:1    | Identified the +1 shield of the Several Wars {Int+6} (You
                  | acquired it on level 1 of the Elven Halls)
 53219 | Elf:2    | Cast into level 3 of the Abyss (+2 war axe of distortion)
 53435 | Abyss:3  | Gained mutation: Scrolls take you a little longer to read.
                  | [a cacodemon]
 53583 | Abyss:3  | Reached skill level 10 in Spellcasting
 53597 | Abyss:3  | Gained mutation: You are dopey. (Int -2) [a neqoxec]
 53650 | Abyss:3  | Lost mutation: You are dopey. (Int -2) [potion of mutation]
 53650 | Abyss:3  | Lost mutation: Scrolls take you a little longer to read.
                  | [potion of mutation]
 53650 | Abyss:3  | Gained mutation: You are dopey. (Int -2) [potion of
                  | mutation]
 53650 | Abyss:3  | Gained mutation: You evolve. [potion of mutation]
 53774 | Abyss:3  | HP: 2/124 [wretched star/orb of energy (39)]
 53785 | Elf:2    | Escaped the Abyss
 54206 | Elf:2    | Found a huge runed gate.
 54206 | Elf:2    | Found a huge runed gate.
 54206 | Elf:2    | Found a huge runed gate.
 54206 | Elf:2    | Found a huge runed gate.
 54206 | Elf:2    | Found a huge runed gate.
 54768 | Elf:2    | Learned a level 6 spell: Deflect Missiles
 54871 | Elf:2    | Reached skill level 1 in Charms
 55828 | Vaults:1 | Entered Level 1 of the Vaults
 56088 | Vaults:1 | Gained mutation: You possess an exceptional clarity of
                  | mind. [evolution]
 56208 | Vaults:1 | Reached XP level 20. HP: 109/129 MP: 34/34
 56467 | Vaults:1 | Noticed a Tzitzimitl
 56502 | Vaults:1 | Noticed a Tzitzimitl
 57512 | Vaults:1 | Reached skill level 5 in Charms
 57639 | Vaults:1 | Found Egywk's Antique Weapon Boutique.
 57643 | Vaults:1 | Bought an ichor-stained broad axe for 351 gold pieces
 57643 | Vaults:1 | Identified the cursed +1 broad axe "Xutwayty" {freeze,
                  | +Blink rElec rF++ Int-3} (You bought it in a shop on level
                  | 1 of the Vaults)
 59952 | Vaults:2 | Found Vocuiq's General Store.
 60002 | Vaults:2 | Bought a scroll of fear for 52 gold pieces
 60002 | Vaults:2 | Bought a potion of heal wounds for 75 gold pieces
 60002 | Vaults:2 | Bought a potion of mutation for 120 gold pieces
 60002 | Vaults:2 | Bought a potion of might for 60 gold pieces
 60678 | Vaults:3 | Lost mutation: You are dopey. (Int -2) [evolution]
 60769 | Vaults:3 | Reached skill level 10 in Air Magic
 61058 | Vaults:3 | Found Melasi's Antique Armour Emporium.
 61066 | Vaults:3 | Bought a faintly humming cloak for 180 gold pieces
 61066 | Vaults:3 | Identified the cursed -6 cloak of Tartarus {Slay+2} (You
                  | bought it in a shop on level 3 of the Vaults)
 61070 | Vaults:3 | Bought an embroidered scarf for 152 gold pieces
 61202 | Vaults:3 | Found a staircase to the Crypt.
 61716 | Vaults:3 | Reached XP level 21. HP: 124/134 MP: 37/37
 63137 | Vaults:4 | Found Veol's Food Shoppe.
 63824 | Vaults:4 | Found Ohameoce's Jewellery Shop.
 63972 | Vaults:4 | Reached skill level 10 in Charms
 64468 | Crypt:1  | Entered Level 1 of the Crypt
 65136 | Crypt:1  | Gained mutation: You are partially covered in slimy green
                  | scales. (AC +2) [evolution]
 66403 | Crypt:2  | Reached XP level 22. HP: 140/140 MP: 38/38
 66681 | Crypt:3  | Entered Level 3 of the Crypt
 66683 | Crypt:3  | Got a transparent great mace
 66685 | Crypt:3  | Identified the +8 great mace of Qyexoyb {flame, Int+3} (You
                  | found it on level 3 of the Crypt)
 66733 | Crypt:3  | Found a staircase to the Tomb.
 66865 | Crypt:3  | Noticed Bai Suzhen
 66924 | Crypt:3  | Killed Bai Suzhen
 67390 | Crypt:3  | Found a runed gate.
 67390 | Crypt:3  | Found a runed gate.
 67390 | Crypt:3  | Found a runed gate.
 68845 | Crypt:3  | Found a basalt altar of Yredelemnul.
 69528 | Crypt:3  | Noticed an ancient lich
 69587 | Crypt:3  | Killed an ancient lich
 70064 | Crypt:3  | Got a vibrating brass ring
 70064 | Crypt:3  | Got a coiled iron ring
 70073 | Crypt:3  | Identified Acsarr Kagh's Grimoire of Sinister Rituals
 70092 | Crypt:3  | Got a fine chain mail
 70097 | Crypt:3  | Identified the +3 chain mail of the King of the Hill
                  | {Stlth+} (You found it on level 3 of the Crypt)
 70100 | Crypt:3  | Identified the ring of Kikubaaqudgha's Whim {rF- rN+ MP+9
                  | Int+4} (You found it on level 3 of the Crypt)
 70462 | Tomb:1   | Entered Level 1 of the Tomb of the Ancients
 71205 | Tomb:1   | Noticed a greater mummy
 71242 | Tomb:1   | Killed a greater mummy
 71282 | Tomb:1   | Reached XP level 23. HP: 85/144 MP: 40/40
 72194 | Tomb:1   | Noticed a greater mummy
 72214 | Tomb:1   | Killed a greater mummy
 72441 | Tomb:1   | Noticed a greater mummy
 72465 | Tomb:1   | Killed a greater mummy
 73730 | Elf:3    | Entered Level 3 of the Elven Halls
 74492 | Elf:3    | Found Vuummuke's Armour Emporium.
 75143 | Elf:3    | Identified the ring of Ula Icrot {rN+ Int+7} (You found it
                  | on level 3 of the Crypt)
 75203 | Elf:3    | Identified the +4 halberd of the Peculiar Yaks {chop, rPois
                  | MP+9 Str+2}
 75404 | Elf:3    | Identified the +11 war axe of Niopil {protect, rN+ SInv}
 75411 | Elf:3    | Reached skill level 15 in Spellcasting
 75456 | Elf:3    | Identified the +5 dire flail of the Shoals {drain, Int+8
                  | Stlth-}
 75476 | Elf:3    | Reached skill level 1 in Axes
 75477 | Elf:3    | Lost mutation: You possess an exceptional clarity of mind.
                  | [mutagenic glow]
 75742 | Elf:3    | Found the +3 sling "Punk" {acid, rCorr}
 75766 | Elf:3    | Identified Ofyzeim's Almanac of Enthralling Ignition
 76307 | Elf:3    | Got a crystal hand axe
 76308 | Elf:3    | Identified the +7 hand axe of Focus {speed, rF++ rC- rN+++
                  | Str-3} (You found it on level 3 of the Elven Halls)
 76328 | Elf:3    | Learned a level 2 spell: Shroud of Golubria
 76331 | Elf:3    | Learned a level 2 spell: Song of Slaying
 76461 | Orc:1    | Gained mutation: You are occasionally teleported next to
                  | monsters. [a neqoxec]
 76496 | Orc:1    | Killed Jigrau's ghost
 76680 | Depths:1 | Entered Level 1 of the Depths
 76705 | D:15     | Reached skill level 1 in Earth Magic
 76843 | Depths:1 | Reached XP level 24. HP: 93/150 MP: 42/42
 76845 | Depths:1 | Found a one-way gate leading to the halls of Pandemonium.
 77134 | Depths:1 | Got an ancient glaive
 77262 | Depths:1 | Reached skill level 5 in Axes
 77309 | Depths:1 | HP: 3/150 [stone giant (14)]
 77345 | Depths:1 | Found a magical portal.
 77349 | WizLab   | Entered The Hall of the Hellbinder
 77873 | WizLab   | Identified the Almanac of the Entourage
 77912 | WizLab   | Learned a level 5 spell: Aura of Abjuration
 78002 | WizLab   | Identified the +7 glaive of Discord {antimagic, rN+} (You
                  | found it on level 1 of the Depths)
 78067 | WizLab   | Reached skill level 1 in Transmutations
 78450 | WizLab   | Found a burning altar of Makhleb.
 78457 | WizLab   | Identified the Compendium of Slavery
 78460 | WizLab   | Got a bloodstained mace
 78496 | WizLab   | Got a clouded platinum ring
 78498 | WizLab   | Identified the ring of Ru's Esteem {rN+ Stlth+} (You found
                  | it in a wizard's laboratory)
 78781 | Depths:1 | Found a gateway to Hell.
 78836 | Depths:1 | Found a runed gate.
 78836 | Depths:1 | Found a runed gate.
 78836 | Depths:1 | Found a runed gate.
 78838 | Depths:1 | Found a viscous altar of Jiyva.
 78838 | Depths:1 | Noticed Wopn's ghost (adept SpEn)
 78958 | Depths:1 | Found the ring of Robustness {AC+8}
 79164 | Depths:1 | Lost mutation: You are occasionally teleported next to
                  | monsters. [evolution]
 79340 | Depths:2 | Noticed a juggernaut
 79450 | Depths:2 | Killed a juggernaut
 79981 | Depths:2 | Found a portal to a secret trove of treasure.
 80171 | Depths:2 | Identified the Volume of Stones and the Traveller
 80862 | Depths:2 | Found a one-way gate to the infinite horrors of the Abyss.
 81119 | Depths:3 | Identified the +7 mace of Tohi {drain, *Noise rPois MR+
                  | Dex+5} (You found it in a wizard's laboratory)
 81283 | Depths:3 | Reached XP level 25. HP: 69/155 MP: 38/42
 81288 | Depths:3 | Paralysed by a floating eye for 2 turns
 81292 | Depths:3 | Identified the cursed ring "Egeicaymp" {Str-3 Int+4}
 81292 | Depths:3 | Noticed Sojobo
 81760 | Depths:3 | Reached skill level 10 in Axes
 81760 | Depths:3 | Reached skill level 5 in Dodging
 81775 | Depths:3 | Paralysed by a floating eye for 2 turns
 81908 | Depths:3 | Got a transparent ivory ring
 81909 | Depths:3 | Identified the ring "Miulu" {rPois MP+9} (You found it on
                  | level 3 of the Depths)
 81917 | Depths:3 | Found Niholywn's Antique Armour Emporium.
 81935 | Depths:3 | Bought a pair of brightly glowing boots for 228 gold pieces
 82051 | Depths:3 | Got a crude tin ring
 82061 | Depths:3 | Found Xarilym's Book Boutique.
 82282 | Depths:3 | Identified the +0 pair of boots of Inviolability {*Drain
                  | rF+ rN+} (You bought it in a shop on level 3 of the Depths)
 82288 | Depths:3 | Identified the ring "Sacsazah" {Wiz Str+3 SInv} (You found
                  | it on level 3 of the Depths)
 82531 | Depths:3 | Killed Sojobo
 82898 | Depths:3 | Got a sparkling copper amulet
 83043 | Depths:3 | Identified the amulet of Ikitwoul {Acrobat Int+4 Dex+4
                  | Stlth+} (You found it on level 3 of the Depths)
 83047 | Depths:3 | Got a pair of warped gloves
 83083 | Depths:4 | Noticed Margery
 83332 | Depths:4 | Paralysed by a floating eye for 2 turns
 83666 | Depths:4 | Killed Margery
 83882 | Depths:4 | Found a deep blue altar of Sif Muna.
 83886 | Depths:4 | Found a transporter.
 83886 | Depths:4 | Noticed an ancient lich
 84127 | Depths:4 | Identified the +0 pair of gloves "Ticlurua" {-Tele rF+
                  | Int+2 SInv} (You acquired it on level 3 of the Depths)
 84298 | Depths:5 | Entered Level 5 of the Depths
 84674 | Depths:5 | Found a gate to the Realm of Zot.
 84900 | Depths:5 | Found a gateway to a ziggurat.
 85082 | Depths:5 | Got a faintly glowing spear
 85083 | Depths:5 | Identified the cursed +1 spear "Molastaw" {pierce, Str+3}
                  | (You found it on level 5 of the Depths)
 85999 | Depths:5 | Upgraded the game from 0.23-a0-650-ga4d50d4d25 to
                  | 0.23-a0-666-g28d4f2f0af
 86093 | Depths:5 | Voluntarily entered the Abyss.
 86093 | Abyss:1  | Found a corrupted altar of Lugonu.
 86097 | Abyss:1  | Found a corrupted altar of Lugonu.
 86189 | Abyss:2  | Gained mutation: You tend to lose your temper in combat. [a
                  | cacodemon]
 86190 | Abyss:2  | Gained mutation: You are occasionally teleported next to
                  | monsters. [a cacodemon]
 86263 | Abyss:2  | Reached XP level 26. HP: 101/160 MP: 29/42
 86657 | Abyss:3  | Paralysed by accursed screaming for 1 turns
 86942 | Abyss:3  | Found a basalt altar of Yredelemnul.
 87121 | Abyss:3  | Paralysed by accursed screaming for 1 turns
 87477 | Abyss:3  | Gained mutation: You are frail. (-10% HP) [a neqoxec]
 87542 | Abyss:3  | Gained mutation: Your magical capacity is low. (-10% MP) [a
                  | neqoxec]
 87681 | Abyss:3  | Reached skill level 16 in Fighting
 87940 | Abyss:3  | Paralysed by accursed screaming for 1 turns
 88041 | Abyss:3  | Reached skill level 10 in Dodging
 88196 | Abyss:3  | Reached skill level 17 in Fighting
 88519 | Abyss:3  | Reached XP level 27. HP: 135/154 MP: 29/29
 88849 | Abyss:3  | Reached skill level 18 in Fighting
 88860 | Abyss:3  | Paralysed by accursed screaming for 1 turns
 89120 | Abyss:3  | Gained mutation: Potions are less effective at restoring
                  | your health. [a neqoxec]
 89435 | Abyss:3  | Reached skill level 19 in Fighting
 89496 | Abyss:3  | Gained mutation: You have a pair of small horns on your
                  | head. [evolution]
 89556 | Abyss:3  | Identified the +2 ring mail of the Harp {rElec rC+ Str-2
                  | Slay+6}
 89626 | Abyss:3  | Got a shimmering trident
 89718 | Abyss:3  | Gained mutation: Your body sometimes deteriorates upon
                  | taking damage. [a neqoxec]
 89720 | Abyss:3  | Gained mutation: You occasionally shout uncontrollably at
                  | your foes. [a neqoxec]
 89721 | Abyss:3  | Gained mutation: Your magical capacity is very low. (-20%
                  | MP) [a neqoxec]
 89725 | Abyss:3  | Paralysed by accursed screaming for 1 turns
 89770 | Abyss:3  | Identified the +9 trident "Sonieboq" {freeze, SInv} (You
                  | found it on level 3 of the Abyss)
 89974 | Abyss:3  | Reached skill level 20 in Fighting
 89979 | Abyss:3  | Lost mutation: Your magical capacity is very low. (-20% MP)
                  | [potion of mutation]
 89979 | Abyss:3  | Lost mutation: You are extremely frail. (-30% HP) [potion
                  | of mutation]
 89979 | Abyss:3  | Lost mutation: Your body sometimes deteriorates upon taking
                  | damage. [potion of mutation]
 89979 | Abyss:3  | Gained mutation: You have sharp toenails. [potion of
                  | mutation]
 90786 | Abyss:3  | Gained mutation: You are dopey. (Int -2) [a neqoxec]
 90905 | Depths:5 | Escaped the Abyss
 90909 | Depths:5 | Lost mutation: You have a pair of small horns on your head.
                  | [potion of mutation]
 90909 | Depths:5 | Lost mutation: You are dopey. (Int -2) [potion of mutation]
 90909 | Depths:5 | Gained mutation: You passively map a small area around you.
                  | [potion of mutation]
 90909 | Depths:5 | Gained mutation: Your spells are a little harder to cast,
                  | but a little more powerful. [potion of mutation]
 90968 | Depths:5 | Voluntarily entered the Abyss.
 90979 | Abyss:1  | Reached skill level 21 in Fighting
 91551 | Abyss:1  | Reached skill level 22 in Fighting
 92107 | Abyss:3  | Got an abyssal rune of Zot
 92326 | Abyss:3  | Lost mutation: Your spells are a little harder to cast, but
                  | a little more powerful. [a neqoxec]
 92329 | Abyss:3  | Gained mutation: Armour fits poorly on your strangely
                  | shaped body. [a neqoxec]
 92601 | Depths:5 | Escaped the Abyss
 92619 | Depths:5 | Lost mutation: Potions are less effective at restoring your
                  | health. [potion of mutation]
 92619 | Depths:5 | Lost mutation: You occasionally shout uncontrollably at
                  | your foes. [potion of mutation]
 92619 | Depths:5 | Gained mutation: You are partially covered in large bone
                  | plates. (SH +4) [potion of mutation]
 92619 | Depths:5 | Gained mutation: You are covered in fur. (AC +1) [potion of
                  | mutation]
 92739 | Depths:1 | Reached skill level 23 in Fighting
 92763 | Depths:1 | Killed Wopn's ghost
 93104 | Slime:1  | Entered Level 1 of the Pits of Slime
 93124 | Slime:1  | Reached skill level 1 in Evocations
 93184 | Slime:2  | Paralysed by a floating eye for 4 turns
 93564 | Slime:4  | Gained mutation: You are weak. (Str -2) [a shining eye]
 93583 | Slime:4  | Gained mutation: You are very weak. (Str -4) [a shining
                  | eye]
 93594 | Slime:4  | Gained mutation: You are sometimes teleported next to
                  | monsters. [a shining eye]
 93842 | Slime:4  | Gained mutation: Potions are less effective at restoring
                  | your health. [a shining eye]
 93859 | Slime:4  | Gained mutation: You are frail. (-10% HP) [a shining eye]
 93871 | Slime:4  | Gained mutation: Your body sometimes deteriorates upon
                  | taking damage. [a shining eye]
 93877 | Slime:4  | Reached skill level 5 in Evocations
 94246 | Slime:5  | Entered Level 5 of the Pits of Slime
 94481 | Slime:4  | Lost mutation: You have sharp toenails. [potion of
                  | mutation]
 94481 | Slime:4  | Lost mutation: You are frail. (-10% HP) [potion of
                  | mutation]
 94481 | Slime:4  | Lost mutation: Armour fits poorly on your strangely shaped
                  | body. [potion of mutation]
 94481 | Slime:4  | Lost mutation: You are partially covered in slimy green
                  | scales. (AC +2) [potion of mutation]
 94481 | Slime:4  | Gained mutation: You have a pair of small antennae on your
                  | head. [potion of mutation]
 94481 | Slime:4  | Gained mutation: You are frail. (-10% HP) [potion of
                  | mutation]
 94481 | Slime:4  | Gained mutation: You have sharp toenails. [potion of
                  | mutation]
 95255 | Slime:5  | Reached skill level 24 in Fighting
 95794 | Slime:5  | Noticed the Royal Jelly
 95993 | Slime:5  | Killed the Royal Jelly
 96079 | Slime:5  | Got a slimy rune of Zot
 96107 | Slime:5  | Lost mutation: You are partially covered in large bone
                  | plates. (SH +4) [potion of mutation]
 96107 | Slime:5  | Lost mutation: You have a pair of small antennae on your
                  | head. [potion of mutation]
 96107 | Slime:5  | Lost mutation: You are frail. (-10% HP) [potion of
                  | mutation]
 96107 | Slime:5  | Lost mutation: Your magical capacity is low. (-10% MP)
                  | [potion of mutation]
 96107 | Slime:5  | Gained mutation: You are partially covered in large bone
                  | plates. (SH +4) [potion of mutation]
 96113 | Slime:5  | Identified the ring "Ciniex" {rElec rC+} (You found it on
                  | level 5 of the Pits of Slime)
 96131 | Slime:5  | Got a crude marble ring
 96136 | Slime:5  | Found the +8 longbow "Zephyr" {speed, Dex+3 SInv}
 96153 | Slime:5  | Identified the ring "Coop" {rPois rN+ MP+9 Slay+2} (You
                  | found it on level 5 of the Pits of Slime)
 96203 | Slime:5  | Identified the Papyrus of the Foremost Tales
 96306 | Slime:5  | Got a pitted rapier
 96309 | Slime:5  | Got a transparent battleaxe
 96702 | D:12     | Lost mutation: Potions are less effective at restoring your
                  | health. [evolution]
 96922 | Zot:1    | Entered Level 1 of the Realm of Zot
 96930 | Zot:1    | Learned a level 1 spell: Apportation
 97039 | Zot:1    | Noticed an orb of fire
 97056 | Zot:1    | Gained mutation: You often lose your temper in combat. [an
                  | orb of fire]
 97067 | Zot:1    | Killed an orb of fire
 97067 | Zot:1    | Reached skill level 5 in Transmutations
 97585 | Zot:1    | You fall through a shaft!
 97738 | Zot:1    | Identified the Disquisition on Dislocation
 98015 | Zot:2    | HP: 2/190 [golden dragon (9)]
 98032 | Zot:2    | Reached skill level 10 in Evocations
 98785 | Zot:2    | HP: 1/190 [yellow draconian stormcaller/divine providence
                  | (14)]
101013 | Zot:4    | Lost mutation: You often lose your temper in combat.
                  | [evolution]
101357 | Zot:5    | Entered Level 5 of the Realm of Zot
101371 | Zot:5    | Reached skill level 25 in Fighting
101408 | Zot:5    | Noticed an ancient lich
101408 | Zot:5    | Noticed an ancient lich
101408 | Zot:5    | Noticed an orb of fire
101408 | Zot:5    | Noticed an orb of fire
101409 | Zot:5    | Noticed an ancient lich
101415 | Zot:5    | Gained mutation: You are frail. (-10% HP) [the power of
                  | Zot]
101419 | Zot:5    | Gained mutation: You often lose your temper in combat. [an
                  | orb of fire]
101422 | Zot:5    | Gained mutation: You have an uncontrollable temper. [an orb
                  | of fire]
101431 | Zot:5    | Killed an orb of fire
101433 | Zot:5    | Killed an ancient lich
101434 | Zot:5    | Noticed an ancient lich
101455 | Zot:5    | HP: 2/173 [Orb Guardian (19)]
101455 | Zot:5    | Killed an orb of fire
101462 | Zot:5    | Demolished by an Orb Guardian

Vault maps used:
D:1:      nicolae_arrival_somewhat_less_tricky_arrival, serial_forest,
          infiniplex_forest_fountain, infiniplex_forest_straight_5,
          infiniplex_forest_straight_1, infiniplex_forest_straight_1,
          infiniplex_forest_clump_long, minmay_tetromino_l2
D:2:      first_ration, uniq_jessica, uniq_terence
D:3:      lemuel_upstairs_altar, minmay_cupped
D:4:      nicolae_overflow_crystal_walls, marbit_many_paths, tso_metal_star
D:5:      nicolae_ru_awakened_eye, kennysheep_little_box, serial_shops,
          nicolae_shop_window_shopping
D:6:      minmay_temple_entry_antechambers, ebering_ghost_rock_garden,
          serial_shops, shop, grunt_ministairs_11, lightli_church_of_beogh
D:7:      cheibrodos_grave_circle, nemelex_xobeh_ov_fountains_minmay,
          nicolae_overflow_quartered_altars, serial_shops, shop_coins
D:8:      zin_angel, minmay_lair_entry_grove, special_room
D:9:      grunt_pizzeria
D:11:     erik_orc_4, serial_bayou_lagoon_a, uniq_urug, uniq_psyche
D:13:     grunt_vaults_entry_fortified, grunt_decor_cap, minivault_11,
          grunt_decor_resistance
D:14:     ebering_dispersal_statue_hall, minmay_beelzebubs_servants
D:15:     gammafunk_depths_entry_grave, fedhas_altar_1,
          hangedman_abyss_or_decor_stagger
Temple:   minmay_temple_bridge_abc
Lair:1:   lemuel_slime
Lair:2:   minmay_swamp_entry_worms, ebering_ghost_rock_garden,
          nicolae_volcano_entry_hallway, lemuel_fruit_tree
Lair:3:   serial_bayou_shore_b
Lair:4:   cheibrodos_magma_flow, spider_nest_entry_web_field,
          portal_ice_cave_entry_ice_beasts
Lair:5:   slime_altar_1
Lair:6:   guppyfry_lair_end_dragon, chequers_serial_rivers_room_b,
          serial_bayou_pond_c, serial_bayou_ford_a
Swamp:1:  evilmike_swamp_ruin_house_1
Swamp:2:  evilmike_swamp_ruin_house_2, swamp_pool1, statue_in_the_mist_lemuel
Swamp:3:  nicolae_swamp_round_clearing, uniq_jorgrun
Swamp:4:  grunt_swamp_rune_castle, swamp_pool5
Spider:1: uniq_louise, uniq_asterion, uniq_rupert
Spider:2: uniq_kirke, uniq_agnes, uniq_arachne
Spider:3: spider_trap
Spider:4: spider_rune_water, spider_trap, zaba_anthell
Slime:1:  nicolae_slime_barrier
Orc:1:    gammafunk_ghost_stat_death, serial_shops, shop, mines1_david
Orc:2:    grunt_orc_tribal_feast
Elf:1:    minmay_elf_arrival_circle, hangedman_elf_disciples
Elf:3:    minmay_elf_hall_statues, serial_shops, shop
Vaults:1: nicolae_vaults_puzzle_piece, vaults_room_boxed,
          hangedman_vaults_pinch, vaults_mumra_hexcomb,
          ontoclasm_vaults_ligature, nicolae_vaults_alarming,
          grunt_vaults_funnel, ontoclasm_vaults_twist, vaults_dpeg_cross,
          v_misc_24, nicolae_vaults_asterisk, serial_shops,
          nicolae_shop_statue_plus
Vaults:2: ontoclasm_vaults_loading_screen, grunt_vaults_diagonal,
          nicolae_vaults_back_hallway, hangedman_vaults_snaps,
          grunt_vaults_bifocal, ontoclasm_vaults_decontamination,
          nicolae_vaults_little_squares_4, vaults_room_pools,
          nicolae_vaults_little_squares_1, serial_shops, nicolae_shop_trees
Vaults:3: nicolae_vaults_murderbox, vaults_dpeg_spiral, vaults_room_fancy_cross,
          minmay_crypt_entry_simple_round, serial_shops,
          nicolae_shop_statue_plus
Vaults:4: hangedman_vaults_capsules, nicolae_vaults_little_squares_2,
          nicolae_vaults_octagons, v_alt_pattern_3, v_misc_15, v_misc_1,
          v_misc_33, v_misc_22, v_misc_15, ontoclasm_vaults_loading_screen,
          vaults_dpeg_diagonal, vaults_room_fours, serial_shops, shop, shop
Crypt:1:  nicolae_crypt_small_crypt
Crypt:2:  minmay_misc_feat_pillars, basic_loot_grate_trap, st_stairs_9,
          nicolae_crypt_small_crypt, grunt_ministairs_11
Crypt:3:  church_of_pain_bobbens, tomb_entry_forgotten_bobbens, st_stairs_14,
          pandoras_box_mu, uniq_bai_suzhen
Depths:1: gammafunk_ghost_ooze, mu_enter_wizlab_7, pan_entry,
          grunt_hell_entry_dis_grunt, minmay_misc_feat_square,
          hangedman_abyss_or_decor_clamps, minmay_guarded_unrand_robustness,
          grunt_megastairs_3
Depths:2: minmay_strange_plus, hell_entry, enter_trove_2, abyss_entry,
          st_stairs_1, grunt_ministairs_14
Depths:3: hangedman_spin_cycle, pan_entry, hell_entry
Depths:4: gammafunk_sealed_library, chequers_serial_rivers_micro_e, hell_entry,
          abyss_entry, uniq_margery
Depths:5: evilmike_zot_entry_argh, enter_ziggurat_b, hellmouth_1,
          minmay_misc_feat_encased, abyss_entry, basic_stair_grate_trap
Zot:1:    st_stairs_11, hangedman_spider_trapstep
Zot:2:    infiniplex_zot_generator, zot_minivault_1
Zot:3:    st_stairs_11
Zot:4:    lemuel_draconian_sentries
Zot:5:    st_stairs_12, hangedman_zot_decor_tridents,
          kennysheep_underground_church
Abyss:2:  hangedman_abyss_town, hangedman_decor_points
Abyss:3:  hangedman_summoners_spam, evilmike_abyss_rune_siren_acolytes,
          abyss_greek_temple, grunt_abyss_rune_wretched_hive
IceCv:    ice_cave_small_dragons
Volcano:  volcano_bunker
WizLab:   wizlab_demon

Skill      XL: |  1  2  3  4  5  6  7  8  9 10 11 12 13 14 15 16 17 18 19 20 21 22 23 24 25 26 27 |
---------------+----------------------------------------------------------------------------------+-----
Fighting       | 4 5 7 8 10 12 13 14 15 17 25 | 25.6
Dodging        | 3 4 6 10 12 | 12.0
Armour         | 1 2 4 5 8 10 11 12 14 15 17 18 19 20 22 | 22.0
Maces & Flails | 4 5 6 7 8 10 11 12 14 | 14.0
Invocations    | 4 6 9 12 14 | 14.0
Shields        | 5 11 14 15 16 | 16.0
Spellcasting   | 4 8 10 12 13 15 | 15.0
Translocations | 6 |  6.0
Summonings     | 2 7 8 |  8.0
Air Magic      | 2 4 8 10 12 13 14 | 14.0
Charms         | 3 8 11 12 | 12.0
Axes           | 3 9 13 14 | 14.1
Earth Magic    | 1 4 |  4.0
Transmutations | 2 8 |  8.0
Evocations     | 10 | 10.0
Stealth        | |  2.1

Action                   |  1- 3 |  4- 6 |  7- 9 | 10-12 | 13-15 | 16-18 | 19-21 | 22-24 | 25-27 || total
-------------------------+-------+-------+-------+-------+-------+-------+-------+-------+-------++-------
Melee: Mace              |   127 |   155 |   302 |  1299 |  1593 |       |       |       |       ||  3476
       Dagger            |       |    65 |       |       |       |       |       |       |       ||    65
       Morningstar       |       |       |       |       |  1147 |       |       |       |       ||  1147
       Flail             |       |       |       |       |    64 |  2381 |  3299 |  2152 |       ||  7896
       War axe           |       |       |       |       |       |       |       |  1054 |  5089 ||  6143
       Headbutt          |       |       |       |       |       |       |       |       |   138 ||   138
Throw: Tomahawk          |       |       |     5 |       |       |       |       |       |       ||     5
 Cast: Summon Lightning  |       |       |       |       |       |       |    14 |    13 |    46 ||    73
       Blink             |       |       |       |       |       |       |     5 |       |     5 ||    10
       Deflect Missiles  |       |       |       |       |       |       |       |     2 |    16 ||    18
       Shroud of Golubri |       |       |       |       |       |       |       |    13 |    39 ||    52
       Aura of Abjuratio |       |       |       |       |       |       |       |     3 |    21 ||    24
       Passwall          |       |       |       |       |       |       |       |       |    19 ||    19
       Song of Slaying   |       |       |       |       |       |       |       |       |     4 ||     4
       Apportation       |       |       |       |       |       |       |       |       |     1 ||     1
Invok: Divine Shield     |       |       |     1 |     2 |     9 |    13 |    15 |    13 |    29 ||    82
       Summon Divine War |       |       |       |       |       |     1 |       |       |     5 ||     6
       Cleansing Flame   |       |       |       |       |       |       |     8 |    22 |    22 ||    52
 Abil: Fly               |       |       |       |       |     1 |     1 |       |     1 |     7 ||    10
       Stop Flying       |       |       |       |       |     1 |     1 |       |     1 |     7 ||    10
Evoke: Wand              |       |       |       |       |       |     9 |     6 |     3 |     2 ||    20
       Phantom mirror    |       |       |       |       |       |       |       |       |     2 ||     2
       Lightning rod     |       |       |       |       |       |       |       |       |     1 ||     1
  Use: Scroll            |       |       |    10 |     8 |    14 |    14 |    15 |     9 |    36 ||   106
       Potion            |       |       |     5 |     3 |     3 |     2 |     8 |     3 |    45 ||    69
 Stab: Sleeping          |       |     2 |       |       |       |       |       |       |       ||     2
  Eat: Chunk             |     3 |     8 |     6 |    36 |    59 |    31 |    37 |    24 |    24 ||   228
       Ration            |       |       |     1 |     1 |     3 |     5 |     5 |    10 |    18 ||    43
Armor: Robe              |    15 |       |       |       |       |       |       |       |       ||    15
       Leather armour    |     7 |    67 |    39 |   107 |   681 |       |       |       |       ||   901
       Scale mail        |       |       |   188 |   360 |       |       |       |       |       ||   548
       Chain mail        |       |       |       |       |   292 |  1528 |  1117 |  1581 |  1860 ||  6378
       Quicksilver drago |       |       |       |       |       |       |       |       |   621 ||   621
Dodge: Dodged            |    74 |   120 |   216 |   435 |   707 |   659 |   473 |   585 |  1653 ||  4922
       Deflected         |       |       |       |       |       |       |       |    39 |   180 ||   219
Block: Other             |       |       |     6 |       |       |       |       |       |       ||     6
       Shield            |       |       |       |   500 |  2091 |  2528 |  2301 |  2545 |  4849 || 14814
       Reflection        |       |       |       |    15 |    72 |    32 |   132 |    51 |    77 ||   379

Table legend:
 A = Non-vault XP
 B = Vault XP
 C = Vault XP percentage of total XP
 D = Non-vault monster count
 E = Vault monster count
 F = Vault count percentage of total count
                 A         B        C        D         E       F
            +---------+---------+-------+---------+---------+-------
      Total | 1209397 |  704369 |  36.8 |    2356 |     946 |  28.6
            +---------+---------+-------+---------+---------+-------
        D:1 |      45 |       4 |   8.2 |      25 |       2 |   7.4
        D:2 |      25 |      73 |  74.5 |      11 |       2 |  15.4
        D:3 |     143 |      17 |  10.6 |      38 |       3 |   7.3
        D:4 |     354 |       0 |   0.0 |      19 |       0 |   0.0
        D:5 |     831 |       0 |   0.0 |      24 |       0 |   0.0
        D:6 |     786 |    1261 |  61.6 |      25 |      27 |  51.9
        D:7 |     799 |    3563 |  81.7 |      14 |      19 |  57.6
        D:8 |    1316 |    1111 |  45.8 |      24 |      31 |  56.4
        D:9 |    3321 |     136 |   3.9 |      28 |       1 |   3.4
       D:10 |    5154 |    1331 |  20.5 |      36 |       4 |  10.0
       D:11 |    3780 |     683 |  15.3 |      25 |      14 |  35.9
       D:12 |    7667 |    1322 |  14.7 |      55 |       2 |   3.5
       D:13 |   10703 |    5352 |  33.3 |      26 |       8 |  23.5
       D:14 |    7589 |    2697 |  26.2 |      29 |       7 |  19.4
       D:15 |   11302 |    4377 |  27.9 |      34 |       8 |  19.0
     Lair:1 |    2646 |     382 |  12.6 |      12 |      19 |  61.3
     Lair:2 |    5164 |    1357 |  20.8 |      17 |       3 |  15.0
     Lair:3 |     712 |       0 |   0.0 |       4 |       0 |   0.0
     Lair:4 |    3352 |    1703 |  33.7 |      16 |      14 |  46.7
     Lair:5 |    8906 |     631 |   6.6 |      30 |       2 |   6.2
     Lair:6 |    5204 |    3292 |  38.7 |      18 |      12 |  40.0
    Swamp:1 |   11823 |       0 |   0.0 |      32 |       0 |   0.0
    Swamp:2 |   13542 |       0 |   0.0 |      36 |       0 |   0.0
    Swamp:3 |   17890 |    4085 |  18.6 |      39 |       2 |   4.9
    Swamp:4 |   14002 |   17752 |  55.9 |      33 |      34 |  50.7
   Spider:1 |   16908 |    9418 |  35.8 |      41 |       4 |   8.9
   Spider:2 |   15665 |    6605 |  29.7 |      43 |       5 |  10.4
   Spider:3 |    9048 |    2858 |  24.0 |      21 |      16 |  43.2
   Spider:4 |    6064 |   26702 |  81.5 |      20 |      67 |  77.0
    Slime:1 |    5534 |       0 |   0.0 |      10 |       0 |   0.0
    Slime:2 |   13077 |       0 |   0.0 |      25 |       0 |   0.0
    Slime:3 |   15863 |       0 |   0.0 |      30 |       0 |   0.0
    Slime:4 |   33623 |    7137 |  17.5 |      51 |       3 |   5.6
    Slime:5 |   15493 |   24080 |  60.8 |      28 |      10 |  26.3
      Orc:1 |    8570 |    7041 |  45.1 |      71 |      20 |  22.0
      Orc:2 |    2251 |    4747 |  67.8 |      18 |      22 |  55.0
      Elf:1 |   30410 |    5721 |  15.8 |      46 |      10 |  17.9
      Elf:2 |    5350 |   21745 |  80.3 |      10 |      28 |  73.7
      Elf:3 |   16937 |   49963 |  74.7 |      24 |      31 |  56.4
   Vaults:1 |   37470 |   15193 |  28.8 |      69 |      33 |  32.4
   Vaults:2 |   15357 |    4353 |  22.1 |      21 |       8 |  27.6
   Vaults:3 |   32147 |   15265 |  32.2 |      51 |      16 |  23.9
   Vaults:4 |   14750 |   20841 |  58.6 |      23 |      30 |  56.6
    Crypt:1 |   19285 |    1106 |   5.4 |      30 |       1 |   3.2
    Crypt:2 |   37646 |    3273 |   8.0 |      49 |       4 |   7.5
    Crypt:3 |   12662 |   70271 |  84.7 |      20 |      91 |  82.0
     Tomb:1 |    2695 |   61000 |  95.8 |      15 |      43 |  74.1
   Depths:1 |   26353 |   18437 |  41.2 |      38 |      24 |  38.7
   Depths:2 |   37216 |   24336 |  39.5 |      51 |      17 |  25.0
   Depths:3 |    1702 |   75927 |  97.8 |       5 |      80 |  94.1
   Depths:4 |   20299 |    5412 |  21.0 |      30 |       7 |  18.9
   Depths:5 |   26479 |   21727 |  45.1 |      32 |      15 |  31.9
      Zot:1 |   59204 |   10201 |  14.7 |      30 |       7 |  18.9
      Zot:2 |   49476 |   43880 |  47.0 |      25 |      28 |  52.8
      Zot:3 |   71520 |    4692 |   6.2 |      46 |       2 |   4.2
      Zot:4 |   18342 |       0 |   0.0 |      12 |       0 |   0.0
      Zot:5 |    6309 |   30523 |  82.9 |       3 |       6 |  66.7
    Abyss:1 |   40014 |    5352 |  11.8 |      46 |       2 |   4.2
    Abyss:2 |   22910 |   11312 |  33.1 |      50 |      17 |  25.4
    Abyss:3 |  325712 |   11485 |   3.4 |     622 |      21 |   3.3
      IceCv |       0 |    5297 | 100.0 |       0 |      20 | 100.0
    Volcano |       0 |    6762 | 100.0 |       0 |      11 | 100.0
     WizLab |       0 |   20578 | 100.0 |       0 |      33 | 100.0
            +---------+---------+-------+---------+---------+-------
